 Dungeon Crawl Stone Soup version 0.27-a0-1202-ge72e49191c (webtiles) character file.

Game seed: 8680817463894186287

119 bilbop the Covered (level 4, 0/41 HPs)
             Began as a Minotaur Fighter on June 2, 2021.
             Slain by a gnoll
             ... wielding a +2 vorpal halberd
              (1 damage)
             ... on level 3 of the Dungeon on June 3, 2021.
             The game lasted 00:07:12 (2133 turns).

bilbop the Covered (Minotaur Fighter)               Turns: 2133, Time: 00:07:13

Health: 0/41       AC:  9    Str: 22    XL:     4   Next: 74%
Magic:  3/3        EV:  5    Int:  5    God:
Gold:   136        SH:  9    Dex:  9    Spells: 3/3 levels left

rFire    . . .     SeeInvis .   a - +0 flail
rCold    + . .     Faith    .   c - +0 kite shield
rNeg     . . .     Spirit   .   p - +0 chain mail
rPois    .         Reflect  .   (helmet restricted)
rElec    .         Harm     .   (no cloak)
rCorr    .         Rampage  .   (no gloves)
Will     .....                  (no boots)
Stlth    ..........             (no amulet)
HPRegen  0.13/turn              q - ring of protection from cold
MPRegen  0.08/turn              (no ring)

@: no status effects
A: horns 2, retaliatory headbutt
a: no special abilities


You were on level 3 of the Dungeon.
You visited 1 branch of the dungeon, and saw 3 of its levels.

You collected 136 gold pieces.

Inventory:

Hand Weapons
 a - a +0 flail (weapon)
 b - a +0 hunting sling
Missiles
 l - 38 sling bullets
Armour
 c - a +0 kite shield (worn)
 o - a +0 scale mail
 p - a +0 chain mail (worn)
Jewellery
 q - a ring of protection from cold (left hand)
Wands
 t - a wand of flame (24)
Scrolls
 g - a scroll of teleportation {unknown}
 i - a scroll of identify {unknown}
 j - a scroll of noise {unknown}
 k - a scroll of acquirement {unknown}
 n - a scroll of immolation {unknown}
 r - a scroll of enchant armour {unknown}
 s - a scroll of silence {unknown}
Potions
 d - a potion of might
 e - a potion of magic {unknown}
 f - a potion of degeneration {unknown}
 h - a potion of berserk rage {unknown}
 m - 2 potions of brilliance {unknown}
 u - 2 potions of heal wounds {unknown}


   Skills:
 + Level 4.4 Fighting
 * Level 4.3 Maces & Flails
 + Level 4.4 Armour
 + Level 4.3 Shields


You had 3 spell levels left.
You didn't know any spells.
Your spell library contained the following spells:

 Spells                   Type           Power      Damage    Failure   Level
 Shock                    Conj/Air       0%         1d3       100%        1
 Static Discharge         Conj/Air       0%         N/A       100%        2
 Swiftness                Air            0%         N/A       100%        3
 Airstrike                Air            0%         N/A       100%        4
 Lightning Bolt           Conj/Air       0%         1d11      100%        5


Dungeon Overview and Level Annotations

Branches:
Dungeon (3/15)

Altars:
Ru


Innate Abilities, Weirdness & Mutations

You have a pair of horns on your head.
You reflexively headbutt those who attack you in melee.


Message History

You headbutt the orc.
You kill the orc!
No target in view!
No target in view!
No target in view!
Things that are here:
a +0 club; an orc corpse A rat comes into view.
You hit the rat.
You kill the rat!
No target in view!
No target in view!
No target in view!
u - 2 cyan potions
Found 16 arrows.
Found a stone staircase leading down. 2 gnolls come into view.
A gnoll is wielding a +2 vorpal halberd.
The gnoll shouts! x2
A hobgoblin comes into view.
The gnoll hits you from afar with a +2 vorpal halberd!
A gnoll comes into view. It is wielding a +0 whip.
A gnoll comes into view. It is wielding a +0 spear.
The gnoll shouts!
The gnoll hits you with a +0 whip.
The gnoll hits you from afar with a +2 vorpal halberd!
You barely miss the gnoll.
You headbutt the gnoll, but do no damage.
The gnoll hits you but does no damage. x2
You closely miss the gnoll. The gnoll hits you with a +0 whip.
* * * LOW HITPOINT WARNING * * *
You block the gnoll's attack. The gnoll hits you but does no damage.
The gnoll hits you from afar with a +2 vorpal halberd.
* * * LOW HITPOINT WARNING * * *
x2 You barely miss the gnoll.
You headbutt the gnoll.
The gnoll is heavily wounded.
The gnoll hits you but does no damage.
The gnoll hits you from afar with a +2 vorpal halberd.
* * * LOW HITPOINT WARNING * * *
You die...

#.# #.#.#.#
#.. #.#
#.#.#.# #..
#.# #.#.#.#
##..## #.#
#.#.#.#######
..... #.#
#.#.....)..
#... #.#
#.#########
... #.# #..
.......
#.#.###.#
.......
#..ggg@.#
#######
#.#g#####
#...... >..
#.##### #.#g
# #.#. # # #g
# ## ..#.# #
#.#.# # #.#.#
#


You could see 3 gnolls and a hobgoblin.

Vanquished Creatures
  Terence (D:3)
  3 adders (D:2)
  An orc (D:3)
  5 ball pythons
  8 endoplasms
  2 giant cockroaches (D:2)
  5 goblins
  6 hobgoblins
  5 jackals
  5 quokkas
  3 bats (D:2)
  2 frilled lizards
  7 kobolds
  7 rats
60 creatures vanquished.

Notes
Turn   | Place    | Note
-------+----------+-------------------------------------------
     0 | D:1      | bilbop the Minotaur Fighter began the quest for the Orb.
     0 | D:1      | Reached XP level 1. HP: 19/19 MP: 0/0
   240 | D:1      | Reached XP level 2. HP: 27/27 MP: 1/1
   666 | D:2      | Reached XP level 3. HP: 33/33 MP: 2/2
  1170 | D:2      | Reached XP level 4. HP: 40/40 MP: 3/3
  1354 | D:2      | Found a sacrificial altar of Ru.
  1833 | D:3      | Noticed Terence
  1843 | D:3      | Killed Terence
  2133 | D:3      | HP: 1/41 [gnoll/+2 vorpal halberd (2)]
  2133 | D:3      | Slain by a gnoll

Illustrated notes

Levels and vault maps discovered:
D:1:      dpeg_arrival_long_road, layout_rooms, minmay_misc_feat_secret_circle
D:2:      minmay_thinvault, layout_basic, basic_altar
D:3:      layout_basic, chequers_serial_rivers_small_b, uniq_terence

Skill      XL: |  1  2  3  4 |
---------------+-------------+-----
Maces & Flails | 3 4 |  4.3
Armour         | 4 |  4.4
Fighting       | 4 |  4.4
Shields        | 4 |  4.3

Action                   |  1- 3 |  4- 6 || total
-------------------------+-------+-------++-------
Melee: Flail             |    91 |    59 ||   150
       Headbutt          |     9 |     9 ||    18
Armor: Scale mail        |    35 |    10 ||    45
       Chain mail        |       |    17 ||    17
Dodge: Dodged            |    17 |    14 ||    31
Block: Kite shield       |    56 |    35 ||    91

Table legend: (Time is in decaauts)
 A = Elapsed time spent in this place.
 B = Non-inter-level travel time spent in this place.
 C = Inter-level travel time spent in this place.
 D = Time resting spent in this place.
 E = Time spent auto-exploring this place.
 F = Levels seen in this place.
 G = Mean time per level.
                   A        B        C        D        E       F      G
               +--------+--------+--------+--------+--------+-----+--------+
         Total |   2199 |   2097 |    102 |     91 |   1609 |   3 |  733.0 |
       Dungeon |   2199 |   2097 |    102 |     91 |   1609 |   3 |  733.0 |
               +--------+--------+--------+--------+--------+-----+--------+

Top non-repeatable levels by time:
     D:2: 1235 daAuts
     D:1: 656 daAuts
     D:3: 306 daAuts
